 Dungeon Crawl Stone Soup version 0.29.1 (webtiles) character file.

Game seed: 15805883944202992696

494 greasedhog the Changer (level 7, -1/51 HPs)
             Began as a Merfolk Transmuter on Sept 13, 2022.
             Slain by Grinder (8 damage)
             ... on level 3 of the Dungeon.
             The game lasted 00:05:58 (5305 turns).

greasedhog the Changer (Merfolk Transmuter)         Turns: 5305, Time: 00:05:58

Health: -1/51      AC:  3    Str: 13    XL:     7   Next: 15%
Magic:  12/13      EV: 12    Int: 12    God:
Gold:   185        SH:  0    Dex: 14    Spells: 8/14 levels left

rFire   . . .      SeeInvis .     - Unarmed
rCold   . . .      Faith    .   (no shield)
rNeg    . . .      Spirit   .   d - +0 leather armour
rPois   .          Reflect  .   (helmet currently unavailable)
rElec   .          Harm     .   (no cloak)
rCorr   .          Rampage  .   (no gloves)
Will    .....                   (boots currently unavailable)
Stlth   +.........              (no amulet)
HPRegen 0.17/turn               (no ring)
MPRegen 0.13/turn               (no ring)

@: appendages
A: horns 2, (nimble swimmer 2), mertail
a: End Transformation


You were on level 3 of the Dungeon.
You had temporarily grown beastly horns.
You visited 1 branch of the dungeon, and saw 3 of its levels.
You also visited: Sewer.

You collected 185 gold pieces.

Inventory:

Armour
 d - a +0 leather armour (worn)
 e - a +2 helmet (melded)
Jewellery
 j - a ring of ice
Scrolls
 f - 3 scrolls of fog
 g - 2 scrolls of vulnerability
 n - a scroll of magic mapping
 p - a scroll of immolation
 q - 2 scrolls of fear
Potions
 a - 3 potions of magic
 b - 2 potions of lignification
 c - a potion of haste {unknown}
 h - a potion of resistance {unknown}
 i - a potion of flight {unknown}
 l - 2 potions of mutation {unknown}
 m - a potion of attraction {unknown}
 o - a potion of invisibility {unknown}


   Skills:
 * Level 2.5 Fighting
 - Level 2.6 Dodging
 - Level 5.1 Unarmed Combat
 * Level 4.2 Spellcasting
 * Level 6.1 Transmutations


You had 8 spell levels left.
You knew the following spells:

 Your Spells              Type           Power      Damage    Failure   Level
a - Beastly Appendage     Tmut           34%        N/A       2%          1
b - Wereblood             Tmut           17%        N/A       3%          2
c - Spider Form           Tmut/Pois      9%         N/A       24%         3

Your spell library contained the following spells:

 Spells                   Type           Power      Damage    Failure   Level
 Sting                    Tmut/Pois      36%        1d4       8%          1
 Poisonous Vapours        Pois/Air       4%         N/A       38%         2
 Ice Form                 Ice/Tmut       9%         N/A       61%         4
 Olgreb's Toxic Radiance  Pois           2%         N/A       95%         4


Dungeon Overview and Level Annotations

Branches:
Dungeon (3/15)              Sewer (visited)

Altars:
Dithmenos

Shops:
D:1 (**[:

Annotations:
D:3 Grinder


Innate Abilities, Weirdness & Mutations

You have temporarily grown beastly horns.
((You are very nimble when in or above water. (Stealth+, EV+, Speed+++)))
Your lower body shifts to a powerful aquatic tail in water.


Message History

Confirm with . or Enter, or press ? or * to list all spells.
Okay, then.
You grow a pair of large bovine horns.
Your +2 helmet melds into your body.
You punch the bat!
You kill the bat!
No target in view!
Magic restored.
Your transformation is almost over.
Your horns disappear.
Your +2 helmet unmelds from your body.
Found a helmet.
Found a stone staircase leading down.
f - 3 scrolls of fog (gained 1)
There is a stone staircase leading down here.
You see here 3 stones.
Grinder comes into view.
She is carrying a wand of light (9).
Grinder shouts!
Grinder gestures at you. You resist with significant effort.
Grinder is nearby!
Found a scroll labelled FOORI PUNEY.
Grinder gestures at you.
You suddenly lose the ability to move!
Grinder blinks!
You can move again.
Casting: Beastly Appendage (safe; 2% risk of failure)
Confirm with . or Enter, or press ? or * to list all spells.
You grow a pair of large bovine horns.
Your +2 helmet melds into your body.
Grinder zaps a wand.
The bolt of light hits you!
You are confused.
Grinder zaps a wand.
The bolt of light hits you!
You bump into the rock wall.
Grinder says, "FISH!"
Grinder zaps a wand.
The bolt of light hits you!!
* * * LOW HITPOINT WARNING * * *
You barely miss Grinder. You headbutt Grinder.
Grinder is lightly wounded.
You feel less confused. Grinder hits you!
You die...

.# #[.......#.# .#
##..######.# ## #.##
####### #.# .......
#.###### ......?
##.##...# .......
#..##...# .......
###.###...####5......
#...##.......@.......
#.####....####.......
#.# #.#### #######
####.# #.# .##..# #.#
.##.## #.#
.##.#####.#
..........########
...<.............#


You could see Grinder.

Vanquished Creatures
  5 kobold brigands (Sewer)
  6 adders
  5 worms
  6 dart slugs
  An orc (D:3)
  7 ball pythons
  9 endoplasms
  3 giant cockroaches
  4 goblins
  6 hobgoblins
  13 kobolds
  A quokka (D:1)
  7 bats
  6 frilled lizards
  8 rats
87 creatures vanquished.

Notes
Turn   | Place    | Note
-------+----------+-------------------------------------------
     0 | D:1      | greasedhog the Merfolk Transmuter began the quest for the
                  | Orb.
     0 | D:1      | Reached XP level 1. HP: 15/15 MP: 3/3
   355 | D:1      | Found Fecwomnuko's Book Shop.
   360 | D:1      | Reached skill level 3 in Transmutations
   364 | D:1      | Reached XP level 2. HP: 14/21 MP: 3/5
   872 | D:1      | Found Cidovaxt's Assorted Antiques.
   900 | D:1      | Found Ygripp's Assorted Antiques.
   945 | D:1      | Found Niamonah's Weapon Emporium.
   953 | D:1      | Reached XP level 3. HP: 17/26 MP: 6/6
  1329 | D:1      | Found Melunn's Antique Armour Boutique.
  1726 | D:2      | Learned a level 2 spell: Wereblood
  1730 | D:2      | Learned a level 3 spell: Spider Form
  2388 | D:2      | Reached XP level 4. HP: 32/32 MP: 6/8
  2420 | D:2      | Reached skill level 4 in Transmutations
  3126 | D:3      | Found a shadowy altar of Dithmenos.
  3513 | D:3      | Found a glowing drain.
  3529 | Sewer    | Entered a sewer
  3541 | Sewer    | Reached XP level 5. HP: 33/37 MP: 6/9
  3813 | Sewer    | Noticed a kobold brigand
  3815 | Sewer    | Noticed a kobold brigand
  3815 | Sewer    | Noticed a kobold brigand
  3825 | Sewer    | Killed a kobold brigand
  3826 | Sewer    | Reached skill level 5 in Transmutations
  4128 | Sewer    | Killed a kobold brigand
  4129 | Sewer    | Reached skill level 5 in Unarmed Combat
  4129 | Sewer    | Reached XP level 6. HP: 20/43 MP: 8/11
  4815 | Sewer    | Reached skill level 6 in Transmutations
  4815 | Sewer    | Reached XP level 7. HP: 39/51 MP: 11/13
  5297 | D:3      | Noticed Grinder
  5298 | D:3      | Paralysed by Grinder for 3 turns
  5305 | D:3      | Slain by Grinder

Illustrated notes

Levels and vault maps discovered:
D:1:      scummos_arrival_simple_fountains, layout_loops_cross, serial_shops,
          nicolae_shop_temple_entry_statues_fountains, shop,
          nicolae_shop_temple_entry_statues_fountains, shop,
          nicolae_shop_hallway_stairs, minmay_tetromino_s4
D:2:      layout_basic
D:3:      layout_basic, fiery_altar_vehumet, mainiacjoe_overflow_alcove_1,
          cheibrodos_sewer_entry_bend, dreamdust_princess_bridge,
          dreamdust_princess_corridor, hex_intersection, st_stairs_12,
          minmay_tree_intersection, uniq_grinder

Skill      XL: |  1  2  3  4  5  6 |
---------------+-------------------+-----
Transmutations | 3 4 5 6 |  6.1
Unarmed Combat | 4 5 |  5.1
Spellcasting   | 3 4 |  4.2
Fighting       | 2 |  2.5
Dodging        | |  2.6

Action                   |  1- 3 |  4- 6 |  7- 9 || total
-------------------------+-------+-------+-------++-------
Melee: Unarmed           |   114 |   179 |    13 ||   306
       Headbutt          |     8 |    29 |     2 ||    39
       Punch             |     1 |     7 |       ||     8
       Tailslap          |       |    11 |       ||    11
 Cast: Beastly Appendage |    22 |    26 |     3 ||    51
       Wereblood         |       |     5 |       ||     5
  Use: Scroll            |     1 |     5 |       ||     6
       Potion            |       |     2 |       ||     2
Armor: Robe              |     4 |       |       ||     4
       Leather armour    |    17 |    21 |       ||    38
Dodge: Dodged            |    64 |    88 |     3 ||   155
